[Event "FRA-chT Top 12 2019"]
[Site "Brest"]
[Date "2019.05.25"]
[Round "8.6"]
[White "Hamdouchi, Hicham"]
[Black "Maze, Sebastien"]
[Result "1/2-1/2"]
[ECO "B47"]
[WhiteElo "2584"]
[BlackElo "2579"]
[Annotator "ChessBase"]
[PlyCount "140"]
[EventDate "2019.05.18"]
[EventType "team-tourn"]
[EventCountry "FRA"]
[SourceTitle "playchess.com"]
[Source "ChessBase"]
[SourceQuality "1"]
[TimeControl "40/5400+30:1800+30"]

1. e4 c5 2. Nf3 Nc6 3. d4 cxd4 4. Nxd4 e6 5. Nc3 Qc7 6. g3 a6 7. Bg2 Nf6 8. O-O h5 9. Nxc6 dxc6 10. a4 a5 11. Qe2 e5 12. Nd1 h4 13. Ne3 hxg3 14. hxg3 Bc5 15. Rd1 g6 16. b3 b6 17. Bb2 Ba6 18. Qf3 Qe7 19. Rd2 Rd8 20. Rad1 Rxd2 21. Rxd2 O-O 22. Ng4 Nxg4 23. Qxg4 Bc8 24. Qh4 Qxh4 25. gxh4 f6 26. Kh2 Kf7 27. Kg3 Rh8 28. Bf1 Be6 29. Bc3 Ke7 30. Bg2 Rh6 31. Re2 Rh8 32. Bf3 Bd6 33. Re1 Rg8 34. Kg2 f5 35. Rh1 f4 36. Be2 Rh8 37. Bc4 Bxc4 38. bxc4 Ke6 39. Kf3 Be7 40. Kg4 Rh5 41. f3 Rh8 42. Be1 Rd8 43. Bf2 Rd2 44. Bxb6 Rg2+ 45. Kh3 Rg3+ 46. Kh2 Rxf3 47. Rg1 Kf7 48. Bxa5 Bxh4 49. Bb4 c5 50. Bxc5 Rc3 51. a5 Bg3+ 52. Kg2 Rxc4 53. Bb6 Rxc2+ 54. Kf3 Ra2 55. Rc1 Bh4 56. Rc7+ Ke8 57. Rg7 Bf6 58. Rxg6 Kf7 59. Rh6 Ra3+ 60. Kf2 Bg5 61. Rh1 Kg6 62. Kg2 Be7 63. Rh3 Ra2+ 64. Kf3 Bb4 65. Bc7 Bc3 66. Kg4 Bd4 67. Rd3 Rg2+ 68. Kf3 Rf2+ 69. Kg4 Rg2+ 70. Kf3 Rf2+ 1/2-1/2

[Event "FRA-chT Top 12 2019"]
[Site "Brest"]
[Date "2019.05.25"]
[Round "8.6"]
[White "Moussard, Jules"]
[Black "Rambaldi, Francesco"]
[Result "0-1"]
[ECO "C25"]
[WhiteElo "2583"]
[BlackElo "2558"]
[Annotator "ChessBase"]
[PlyCount "94"]
[EventDate "2019.05.18"]
[EventType "team-tourn"]
[EventCountry "FRA"]
[SourceTitle "playchess.com"]
[Source "ChessBase"]
[SourceQuality "1"]
[TimeControl "40/5400+30:1800+30"]

1. e4 e5 2. Nc3 Nc6 3. g3 Bc5 4. Bg2 d6 5. d3 f5 6. Na4 Nf6 7. Ne2 O-O 8. O-O Qe8 9. Nxc5 dxc5 10. Nc3 fxe4 11. Nxe4 Nxe4 12. Bxe4 Bf5 13. c3 b6 14. Qa4 Na5 15. Qxe8 Raxe8 16. Bd5+ Be6 17. Bg2 Bd7 18. f4 Bc6 19. Bxc6 Nxc6 20. Re1 Kf7 21. Be3 Rd8 22. Rad1 Rd5 23. Kf2 Rfd8 24. Ke2 exf4 25. Bxf4 g5 26. Bc1 Kg6 27. h4 h6 28. hxg5 hxg5 29. Kf2 Ne5 30. d4 cxd4 31. cxd4 c5 32. b3 cxd4 33. Bb2 Kf5 34. Kg2 Ng4 35. Kf3 Re5 36. Rxe5+ Nxe5+ 37. Kf2 Ke4 38. Re1+ Kd5 39. Rd1 Nc6 40. g4 Ke4 41. Bc1 Ne5 42. Kg3 Nf3 43. Rf1 Rc8 44. Bb2 Rc2 45. Rxf3 Rxb2 46. Rf7 Rxa2 47. Re7+ Kd3 0-1

[Event "FRA-chT Top 12 2019"]
[Site "Brest"]
[Date "2019.05.25"]
[Round "8.6"]
[White "Burri, Quentin"]
[Black "Dornbusch, Tatiana"]
[Result "1/2-1/2"]
[ECO "B05"]
[WhiteElo "2425"]
[BlackElo "2285"]
[Annotator "NA"]
[PlyCount "125"]
[EventDate "2019.05.18"]
[EventType "team-tourn"]
[EventCountry "FRA"]
[SourceTitle "playchess.com"]
[Source "ChessBase"]
[SourceQuality "1"]
[TimeControl "40/5400+30:1800+30"]

1. e4 Nf6 2. e5 Nd5 3. d4 d6 4. Nf3 Bg4 5. Be2 Nc6 6. c4 Nb6 7. exd6 cxd6 8. d5 Bxf3 9. Bxf3 Ne5 10. Be2 Rc8 11. b3 g6 12. a4 Bg7 13. Ra2 O-O 14. Be3 a5 15. O-O Ned7 16. Na3 Nc5 17. Nb5 Nbd7 18. Re1 Re8 19. Bg5 Ne4 20. Be3 Nc3 21. Nxc3 Bxc3 22. Rf1 Nc5 23. Rc2 Bg7 24. Rc1 Qb6 25. Rb1 Qb4 26. Qc2 f5 27. g4 Qc3 28. Qxc3 Bxc3 29. Kh1 fxg4 30. Bxg4 Rcd8 31. f4 Kh8 32. f5 gxf5 33. Bxf5 Rf8 34. Rf3 Be5 35. Rbf1 Rf7 36. Bc2 Rxf3 37. Rxf3 Rg8 38. Rh3 Rg7 39. Bh6 Rf7 40. Kg2 Kg8 41. Be3 Rg7+ 42. Kf1 Rf7+ 43. Ke1 b6 44. Rh5 Rg7 45. Kf2 Rf7+ 46. Kg2 Rg7+ 47. Rg5 Bf6 48. Rxg7+ Kxg7 49. Kf3 Be5 50. h3 Bf6 51. Kg4 Kg8 52. Kf5 Kf7 53. Bd1 Bh4 54. b4 axb4 55. Bxc5 dxc5 56. Bh5+ Kf8 57. Ke6 b3 58. Bd1 b2 59. Bc2 h6 60. Kd7 Be1 61. Ke6 Bg3 62. Kd7 Be1 63. Ke6 1/2-1/2

[Event "FRA-chT Top 12 2019"]
[Site "Brest"]
[Date "2019.05.25"]
[Round "8.6"]
[White "Godart, Francois"]
[Black "Terrieux, Kevin"]
[Result "0-1"]
[ECO "A62"]
[WhiteElo "2419"]
[BlackElo "2455"]
[Annotator "ChessBase"]
[PlyCount "82"]
[EventDate "2019.05.18"]
[EventType "team-tourn"]
[EventCountry "FRA"]
[SourceTitle "playchess.com"]
[Source "ChessBase"]
[SourceQuality "1"]
[TimeControl "40/5400+30:1800+30"]

1. d4 Nf6 2. c4 e6 3. g3 c5 4. d5 exd5 5. cxd5 d6 6. Nc3 g6 7. Bg2 Bg7 8. Nf3 O-O 9. O-O Re8 10. Bf4 Bf5 11. Nd2 Nh5 12. e4 Nxf4 13. gxf4 Bd7 14. Nc4 Bxc3 15. bxc3 Bb5 16. Qb3 Bxc4 17. Qxc4 Nd7 18. Qd3 Nf6 19. Bf3 Re7 20. Rfe1 Qf8 21. e5 Rae8 22. Rad1 dxe5 23. fxe5 Rxe5 24. Rxe5 Rxe5 25. d6 Qd8 26. Bxb7 Nh5 27. d7 Kg7 28. Qd6 Rg5+ 29. Kf1 Nf6 30. Bc6 Rf5 31. Re1 Nxd7 32. Bxd7 Rf6 33. Qe7 Qc7 34. Kg1 Qb7 35. Bh3 Qd5 36. Qe5 Qxa2 37. Qxc5 a5 38. Re8 Qb1+ 39. Bf1 Rf5 40. Qf8+ Kf6 41. Re7 Rg5+ 0-1

[Event "FRA-chT Top 12 2019"]
[Site "Brest"]
[Date "2019.05.25"]
[Round "8.6"]
[White "Giroyan, Gary"]
[Black "Bailet, Pierre"]
[Result "0-1"]
[ECO "D31"]
[WhiteElo "2409"]
[BlackElo "2466"]
[Annotator "ChessBase"]
[PlyCount "106"]
[EventDate "2019.05.18"]
[EventType "team-tourn"]
[EventCountry "FRA"]
[SourceTitle "playchess.com"]
[Source "ChessBase"]
[SourceQuality "1"]
[TimeControl "40/5400+30:1800+30"]

1. d4 d5 2. c4 e6 3. Nc3 Be7 4. Qc2 dxc4 5. e3 a6 6. a4 b6 7. Bxc4 Bb7 8. Nge2 Nf6 9. O-O O-O 10. e4 c5 11. dxc5 Bxc5 12. Bg5 Nbd7 13. Ng3 Qc7 14. Qe2 h6 15. Bxf6 Nxf6 16. Rad1 Qf4 17. Nh5 Nxh5 18. Qxh5 Bxe4 19. Nxe4 Qxe4 20. b3 a5 21. Rde1 Qc2 22. Re2 Qc3 23. Re4 Rad8 24. Rf4 Rd2 25. g3 Qc2 26. Qf3 g6 27. h4 Kg7 28. Kg2 h5 29. Qb7 Kg8 30. Rf3 Qb2 31. Rf4 Qe5 32. Qf3 Rb2 33. Qd3 Bb4 34. Rd1 Be7 35. Qf3 Bc5 36. Qb7 Qe3 37. Rf1 Rd2 38. Rf3 Qd4 39. Rf4 Qd7 40. Qf3 Qe7 41. Qc6 Rfd8 42. Re1 R8d6 43. Qa8+ Kg7 44. Rf3 Rb2 45. Re2 Rb1 46. Qe4 Rdd1 47. Rd3 Rg1+ 48. Kf3 Rbf1 49. Rdd2 Kh7 50. Ba6 Bd6 51. Ke3 Bxg3 52. Rd5 Qf6 53. Rxh5+ Kg7 0-1

[Event "FRA-chT Top 12 2019"]
[Site "Brest"]
[Date "2019.05.25"]
[Round "8.6"]
[White "Milliet, Sophie"]
[Black "Jeanne, Mickael"]
[Result "1-0"]
[ECO "B04"]
[WhiteElo "2400"]
[BlackElo "2150"]
[Annotator "NA"]
[PlyCount "71"]
[EventDate "2019.05.18"]
[EventType "team-tourn"]
[EventCountry "FRA"]
[SourceTitle "playchess.com"]
[Source "ChessBase"]
[SourceQuality "1"]
[TimeControl "40/5400+30:1800+30"]

1. e4 Nf6 2. e5 Nd5 3. d4 d6 4. Nf3 g6 5. Bc4 Nb6 6. Bb3 Bg7 7. Qe2 Nc6 8. O-O O-O 9. h3 Na5 10. Rd1 Nxb3 11. axb3 Bf5 12. Nc3 c6 13. Bf4 Qc7 14. Rd2 Rfd8 15. Rad1 a5 16. Re1 Rac8 17. Qd1 Be6 18. Ng5 Bd5 19. e6 f6 20. Nf7 Rf8 21. Nh6+ Kh8 22. h4 Ra8 23. Qg4 Qc8 24. Qg3 a4 25. Nxa4 Nxa4 26. bxa4 Rxa4 27. b3 Ra2 28. Rde2 b5 29. Nf7+ Kg8 30. h5 Rxf7 31. exf7+ Bxf7 32. hxg6 hxg6 33. Rxe7 Rxc2 34. Bxd6 Qf5 35. Rb7 Bxb3 36. Qxb3+ 1-0

[Event "FRA-chT Top 12 2019"]
[Site "Brest"]
[Date "2019.05.25"]
[Round "8.7"]
[White "Koch, Jean-Rene"]
[Black "Geenen, Marc"]
[Result "1/2-1/2"]
[ECO "A28"]
[WhiteElo "2465"]
[BlackElo "2246"]
[Annotator "ChessBase"]
[PlyCount "72"]
[EventDate "2019.05.18"]
[EventType "team-tourn"]
[EventCountry "FRA"]
[SourceTitle "playchess.com"]
[Source "ChessBase"]
[SourceQuality "1"]
[TimeControl "40/5400+30:1800+30"]

1. c4 e5 2. Nc3 Nf6 3. Nf3 Nc6 4. e3 Bb4 5. Nd5 e4 6. Ng1 O-O 7. a3 Bd6 8. Qc2 Re8 9. d3 exd3 10. Bxd3 g6 11. Nxf6+ Qxf6 12. Nf3 b6 13. Bd2 Ne5 14. Be4 Nxf3+ 15. gxf3 Rb8 16. O-O-O Be5 17. h4 c6 18. Kb1 Bb7 19. h5 d5 20. hxg6 fxg6 21. Bd3 Qxf3 22. Rdg1 Re6 23. cxd5 cxd5 24. Bxg6 hxg6 25. Rxg6+ Rxg6 26. Qxg6+ Bg7 27. Rg1 Qf7 28. Qd6 Rc8 29. Bc3 Rxc3 30. bxc3 d4 31. Qd8+ Kh7 32. Qh4+ Kg8 33. Qxd4 Qb3+ 34. Kc1 Qxa3+ 35. Kb1 Qb3+ 36. Kc1 Qa3+ 1/2-1/2

[Event "FRA-chT Top 12 2019"]
[Site "Brest"]
[Date "2019.05.25"]
[Round "8.7"]
[White "Flear, Glenn C"]
[Black "Degraeve, Jean-Marc"]
[Result "1/2-1/2"]
[ECO "E73"]
[WhiteElo "2445"]
[BlackElo "2546"]
[Annotator "ChessBase"]
[PlyCount "49"]
[EventDate "2019.05.18"]
[EventType "team-tourn"]
[EventCountry "FRA"]
[SourceTitle "playchess.com"]
[Source "ChessBase"]
[SourceQuality "1"]
[TimeControl "40/5400+30:1800+30"]

1. d4 Nf6 2. c4 g6 3. Nc3 Bg7 4. e4 d6 5. Be2 O-O 6. Bg5 Na6 7. Qd2 e5 8. d5 c6 9. f3 cxd5 10. cxd5 Bd7 11. Bd1 Qa5 12. Nge2 Rfc8 13. a3 Be8 14. O-O Nd7 15. b4 Qc7 16. Na4 Nb6 17. Nxb6 Qxb6+ 18. Be3 Qd8 19. Bc2 Nb8 20. Bd3 Nd7 21. Rac1 Nb6 22. Rxc8 Rxc8 23. Rc1 Rxc1+ 24. Qxc1 h5 25. h3 1/2-1/2

[Event "FRA-chT Top 12 2019"]
[Site "Brest"]
[Date "2019.05.25"]
[Round "8.7"]
[White "Iglesias, Joachim"]
[Black "Genzling, Alain"]
[Result "1/2-1/2"]
[ECO "A04"]
[WhiteElo "2276"]
[BlackElo "2376"]
[Annotator "NA"]
[PlyCount "68"]
[EventDate "2019.05.18"]
[EventType "team-tourn"]
[EventCountry "FRA"]
[SourceTitle "playchess.com"]
[Source "ChessBase"]
[SourceQuality "1"]
[TimeControl "40/5400+30:1800+30"]

1. Nf3 c5 2. c4 Nc6 3. b3 Nf6 4. Bb2 e6 5. e3 Be7 6. Be2 O-O 7. O-O b6 8. d3 d5 9. cxd5 Nxd5 10. a3 Bf6 11. Qc2 Bb7 12. Nbd2 Qe7 13. Rfe1 Bxb2 14. Qxb2 e5 15. Rac1 Rfe8 16. Bd1 Rad8 17. Bc2 f5 18. b4 cxb4 19. Ba4 Qf6 20. Bxc6 Bxc6 21. axb4 Bb5 22. d4 e4 23. Ne5 Qd6 24. Qa2 Re7 25. Ndc4 Qxb4 26. Na3 Be8 27. Re2 Bf7 28. Nc6 Rc7 29. Qa1 Rdc8 30. Rec2 Qf8 31. Nb5 Rd7 32. Ne5 Rxc2 33. Rxc2 Rd8 34. Nxa7 Ra8 1/2-1/2

[Event "FRA-chT Top 12 2019"]
[Site "Brest"]
[Date "2019.05.25"]
[Round "8.7"]
[White "Nelis, Jean-Francois"]
[Black "Riff, Jean-Noel"]
[Result "0-1"]
[ECO "A45"]
[WhiteElo "2149"]
[BlackElo "2494"]
[Annotator "ChessBase"]
[PlyCount "100"]
[EventDate "2019.05.18"]
[EventType "team-tourn"]
[EventCountry "FRA"]
[SourceTitle "playchess.com"]
[Source "ChessBase"]
[SourceQuality "1"]
[TimeControl "40/5400+30:1800+30"]

1. d4 Nf6 2. Bf4 b6 3. e3 Bb7 4. h3 g6 5. Nf3 Bg7 6. Be2 O-O 7. O-O d6 8. a4 Nbd7 9. a5 bxa5 10. c3 c5 11. Qa4 Qb6 12. Nbd2 Bc6 13. Qxa5 Nd5 14. Qxb6 axb6 15. Bh2 Rfc8 16. Rfc1 Bh6 17. Kf1 Bb7 18. Nb3 f5 19. Rxa8 Rxa8 20. Ra1 Rxa1+ 21. Nxa1 f4 22. exf4 Nxf4 23. Bxf4 Bxf4 24. Nc2 Bc1 25. b4 Bb2 26. bxc5 bxc5 27. Bb5 Nf8 28. dxc5 dxc5 29. c4 Ne6 30. Nfe1 Bc3 31. h4 Kf7 32. g3 Nc7 33. Ba4 Ke6 34. Nd3 Kd6 35. Ke2 Ba6 36. Na3 Ne6 37. Nb5+ Bxb5 38. cxb5 c4 39. Nc1 Kc5 40. Kf3 Nd4+ 41. Kg4 Bd2 42. Na2 c3 43. f4 c2 44. Kg5 e5 45. b6 Kxb6 46. Bd7 e4 47. Bh3 e3 48. Bf1 e2 49. Bxe2 Nxe2 50. Kh6 Nc3 0-1

[Event "FRA-chT Top 12 2019"]
[Site "Brest"]
[Date "2019.05.25"]
[Round "8.7"]
[White "Vaugeois, Cyrille"]
[Black "Loiseau, Quentin"]
[Result "0-1"]
[ECO "B31"]
[WhiteElo "2146"]
[BlackElo "2471"]
[Annotator "ChessBase"]
[PlyCount "72"]
[EventDate "2019.05.18"]
[EventType "team-tourn"]
[EventCountry "FRA"]
[SourceTitle "playchess.com"]
[Source "ChessBase"]
[SourceQuality "1"]
[TimeControl "40/5400+30:1800+30"]

1. e4 c5 2. Nf3 Nc6 3. Bb5 g6 4. Bxc6 dxc6 5. d3 Bg7 6. O-O Nf6 7. Nc3 Nd7 8. Be3 e5 9. Nd2 Qe7 10. a4 b6 11. Nc4 Ba6 12. Qe2 Nf8 13. Na2 Ne6 14. c3 O-O 15. Rab1 f5 16. f3 f4 17. Bf2 g5 18. b4 Rad8 19. b5 cxb5 20. axb5 Bc8 21. Rfd1 h5 22. Nc1 g4 23. Qa2 Kh8 24. Kf1 Ng5 25. Bh4 gxf3 26. gxf3 Bh3+ 27. Ke2 Bf6 28. Bxg5 Bxg5 29. Nb3 Rg8 30. Rg1 Bf6 31. Qa1 Bg2 32. Rbd1 Qd7 33. d4 Qxb5 34. Nbd2 cxd4 35. cxd4 Rxd4 36. Kf2 Bh4+ 0-1

[Event "FRA-chT Top 12 2019"]
[Site "Brest"]
[Date "2019.05.25"]
[Round "8.8"]
[White "Libiszewski, Fabien"]
[Black "Sebag, Marie"]
[Result "1-0"]
[ECO "B23"]
[WhiteElo "2511"]
[BlackElo "2476"]
[Annotator "ChessBase"]
[PlyCount "105"]
[EventDate "2019.05.18"]
[EventType "team-tourn"]
[EventCountry "FRA"]
[SourceTitle "playchess.com"]
[Source "ChessBase"]
[SourceQuality "1"]
[TimeControl "40/5400+30:1800+30"]

1. e4 c5 2. Nc3 a6 3. g3 b5 4. Bg2 Bb7 5. Nh3 e6 6. O-O Qc7 7. d3 Nf6 8. f4 d6 9. e5 Bxg2 10. Kxg2 Qc6+ 11. Kg1 Nfd7 12. exd6 Nf6 13. a4 b4 14. Ne4 Nxe4 15. dxe4 Bxd6 16. Qe2 O-O 17. Rd1 c4 18. Be3 Nd7 19. Nf2 Be7 20. Rd4 Rac8 21. Rad1 Nf6 22. g4 Rfd8 23. g5 Ne8 24. b3 Rxd4 25. Rxd4 cxb3 26. cxb3 Rd8 27. Rc4 Qd7 28. Qc2 g6 29. Kg2 Bf8 30. Bb6 Rb8 31. Bd4 Nd6 32. Ng4 Be7 33. Rc7 Rc8 34. Rxd7 Rxc2+ 35. Kf3 Kf8 36. Bf6 Nc8 37. Bxe7+ Nxe7 38. Rd8+ Kg7 39. Nf6 Rc8 40. Rxc8 Nxc8 41. Ke3 e5 42. fxe5 Ne7 43. Kd4 Nc6+ 44. Kd5 Na5 45. Kc5 Nxb3+ 46. Kxb4 Nd4 47. Ka5 Kf8 48. Kxa6 Ke7 49. a5 Kd8 50. Kb7 Nb3 51. a6 Nc5+ 52. Kb6 Na4+ 53. Kc6 1-0

[Event "FRA-chT Top 12 2019"]
[Site "Brest"]
[Date "2019.05.25"]
[Round "8.8"]
[White "Skripchenko, Almira"]
[Black "De Seroux, Camille"]
[Result "0-1"]
[ECO "A04"]
[WhiteElo "2406"]
[BlackElo "2143"]
[Annotator "NA"]
[PlyCount "150"]
[EventDate "2019.05.18"]
[EventType "team-tourn"]
[EventCountry "FRA"]
[SourceTitle "playchess.com"]
[Source "ChessBase"]
[SourceQuality "1"]
[TimeControl "40/5400+30:1800+30"]

1. Nf3 c5 2. e3 Nf6 3. d4 e6 4. Bd3 Be7 5. O-O O-O 6. c4 cxd4 7. exd4 d5 8. Nc3 b6 9. cxd5 Nxd5 10. Nxd5 exd5 11. Ne5 Ba6 12. Nc6 Qd6 13. Nxe7+ Qxe7 14. Re1 Qf6 15. Bc2 Nc6 16. Be3 Rac8 17. Qg4 h6 18. Qf5 Qxf5 19. Bxf5 Rcd8 20. Rac1 Bc8 21. Bd3 Bd7 22. a3 Rfe8 23. h3 Re7 24. b4 Rde8 25. Red1 Nd8 26. Rc7 Bc6 27. Rxe7 Rxe7 28. Rc1 Bb7 29. b5 Ne6 30. a4 Kf8 31. Bf5 Ke8 32. g4 Kd8 33. Bd3 Rc7 34. Rd1 Rc3 35. f4 Ra3 36. f5 Ng5 37. h4 Ne4 38. Kg2 Rxa4 39. Kf3 Ra3 40. g5 hxg5 41. hxg5 Bc8 42. Kf4 Nd6 43. Bc1 Ra1 44. Rh1 Bd7 45. Ke5 Nxb5 46. Kxd5 Nc7+ 47. Ke5 Ra5+ 48. Kf4 Nd5+ 49. Kf3 Nb4 50. Rh8+ Ke7 51. Bd2 Ra4 52. Be4 Nc6 53. Bxc6 Bxc6+ 54. Ke3 Ra3+ 55. Ke2 Ra2 56. Rg8 Bd7 57. Rxg7 Bxf5 58. Rg8 Ra4 59. Ke3 Bg6 60. Rb8 Ke6 61. Rd8 Ra3+ 62. Ke2 Bd3+ 63. Kf2 Bc4 64. Bb4 Rd3 65. Bf8 Kf5 66. Be7 Kg4 67. Ra8 Rd2+ 68. Kg1 Rd1+ 69. Kf2 Rd2+ 70. Kg1 a5 71. Bd8 Rd1+ 72. Kf2 Rf1+ 73. Kg2 Rf5 74. Kh2 Bd5 75. Rb8 Rf1 0-1

[Event "FRA-chT Top 12 2019"]
[Site "Brest"]
[Date "2019.05.25"]
[Round "8.8"]
[White "Riff, Vincent"]
[Black "Fruteau, Sabine"]
[Result "1-0"]
[ECO "A39"]
[WhiteElo "2399"]
[BlackElo "2015"]
[Annotator "NA"]
[PlyCount "79"]
[EventDate "2019.05.18"]
[EventType "team-tourn"]
[EventCountry "FRA"]
[SourceTitle "playchess.com"]
[Source "ChessBase"]
[SourceQuality "1"]
[TimeControl "40/5400+30:1800+30"]

1. Nf3 Nf6 2. g3 g6 3. Bg2 Bg7 4. O-O O-O 5. c4 c5 6. Nc3 Nc6 7. d4 cxd4 8. Nxd4 Nxd4 9. Qxd4 d6 10. Rd1 Qa5 11. Qd3 Rb8 12. Nb5 Ng4 13. h3 Ne5 14. Qc2 Bf5 15. e4 Be6 16. Bd2 Qd8 17. b3 Nc6 18. Rac1 Qd7 19. Kh2 a6 20. Nc3 b5 21. Nd5 Nd4 22. Qd3 f5 23. Be3 fxe4 24. Qxe4 Bxd5 25. Qxd5+ e6 26. Qg5 Nf5 27. Bf4 e5 28. Bd2 Qa7 29. Kg1 Nd4 30. Be3 Kh8 31. Qg4 Qf7 32. Bd5 Qf6 33. Kg2 Qf5 34. Qxf5 Nxf5 35. Ba7 Rbd8 36. Bb6 Rb8 37. Ba5 Nd4 38. Bc7 Rbc8 39. Bxd6 bxc4 40. Bxf8 1-0

[Event "FRA-chT Top 12 2019"]
[Site "Brest"]
[Date "2019.05.25"]
[Round "8.8"]
[White "Richard, Emma"]
[Black "Van Hoolandt, Patrick"]
[Result "1/2-1/2"]
[ECO "C65"]
[WhiteElo "2120"]
[BlackElo "2127"]
[Annotator "NA"]
[PlyCount "74"]
[EventDate "2019.05.18"]
[EventType "team-tourn"]
[EventCountry "FRA"]
[SourceTitle "playchess.com"]
[Source "ChessBase"]
[SourceQuality "1"]
[TimeControl "40/5400+30:1800+30"]

1. e4 e5 2. Nf3 Nc6 3. Bb5 Nf6 4. d3 Bc5 5. Nbd2 Qe7 6. Bxc6 bxc6 7. O-O O-O 8. h3 d6 9. a4 a5 10. Nc4 Be6 11. Ne3 Nd7 12. Re1 d5 13. Nf1 h6 14. exd5 cxd5 15. d4 exd4 16. Nxd4 Qh4 17. Be3 Bxd4 18. Qxd4 Qxd4 19. Bxd4 c5 20. Be3 Rfb8 21. b3 d4 22. Bf4 Rb4 23. Bd2 Rb7 24. Ng3 d3 25. cxd3 Rxb3 26. Re3 Rb2 27. Be1 Nb6 28. Ne4 Nd5 29. Rg3 Nf4 30. Rxg7+ Kxg7 31. Bc3+ Kf8 32. Bxb2 Nxd3 33. Ba3 Rc8 34. Nxc5 Nxc5 35. Rc1 Ke8 36. Rxc5 Rxc5 37. Bxc5 h5 1/2-1/2

[Event "FRA-chT Top 12 2019"]
[Site "Brest"]
[Date "2019.05.25"]
[Round "8.8"]
[White "Verot, Melanie"]
[Black "Steil-Antoni, Fiona"]
[Result "1/2-1/2"]
[ECO "A85"]
[WhiteElo "2069"]
[BlackElo "2156"]
[Annotator "NA"]
[PlyCount "55"]
[EventDate "2019.05.18"]
[EventType "team-tourn"]
[EventCountry "FRA"]
[SourceTitle "playchess.com"]
[Source "ChessBase"]
[SourceQuality "1"]
[TimeControl "40/5400+30:1800+30"]

1. d4 f5 2. c4 Nf6 3. Nc3 e6 4. Bg5 Be7 5. e3 O-O 6. Bd3 d6 7. Nf3 Qe8 8. O-O Nc6 9. d5 Ne5 10. dxe6 Nxd3 11. Qxd3 c6 12. Nd4 Qg6 13. f4 Kh8 14. Qxf5 Qe8 15. Qd3 h6 16. Rf3 hxg5 17. Rh3+ Nh5 18. g4 g6 19. gxh5 g4 20. Rg3 gxh5 21. Ne4 c5 22. Nb5 Bxe6 23. Nexd6 Qd7 24. Qg6 h4 25. Qh6+ Kg8 26. Qg6+ Kh8 27. Qh6+ Kg8 28. Qg6+ 1/2-1/2

[Event "FRA-chT Top 12 2019"]
[Site "Brest"]
[Date "2019.05.25"]
[Round "8.8"]
[White "Bolon, Karelle"]
[Black "Monpeurt, Cyrielle"]
[Result "0-1"]
[ECO "C50"]
[WhiteElo "2018"]
[BlackElo "2166"]
[Annotator "NA"]
[PlyCount "108"]
[EventDate "2019.05.18"]
[EventType "team-tourn"]
[EventCountry "FRA"]
[SourceTitle "playchess.com"]
[Source "ChessBase"]
[SourceQuality "1"]
[TimeControl "40/5400+30:1800+30"]

1. e4 e5 2. Nf3 Nc6 3. Bc4 Bc5 4. O-O Nf6 5. d4 Bxd4 6. Nxd4 Nxd4 7. f4 d6 8. fxe5 dxe5 9. Bg5 Be6 10. Na3 Qe7 11. c3 Bxc4 12. Nxc4 Ne6 13. Bxf6 gxf6 14. b4 Rg8 15. Rf2 Ng5 16. Qa4+ c6 17. Re2 Rd8 18. Qxa7 Qd7 19. Qe3 Qd3 20. Qxd3 Rxd3 21. Rc1 Ke7 22. a4 Nh3+ 23. Kf1 Nf4 24. Rec2 Rgd8 25. Nb2 Rd2 26. Nc4 R2d7 27. Ne3 Rd3 28. Nf5+ Ke6 29. g3 Nh3 30. Kg2 Ng5 31. Re1 Rd2+ 32. Rxd2 Rxd2+ 33. Kf1 Rxh2 34. Ng7+ Kd7 35. Rd1+ Kc8 36. Kg1 Rc2 37. b5 cxb5 38. axb5 Rxc3 39. b6 Rxg3+ 40. Kf2 Rb3 41. Nf5 Nxe4+ 42. Kg2 Rxb6 43. Ne7+ Kb8 44. Rd8+ Kc7 45. Rh8 Rb2+ 46. Kf3 Ng5+ 47. Ke3 Rb3+ 48. Ke2 Kd6 49. Nf5+ Kd5 50. Rd8+ Ke4 51. Nd6+ Kf4 52. Nc4 b5 53. Nd2 Re3+ 54. Kd1 Nf3 0-1

[Event "FRA-chT Top 12 2019"]
[Site "Brest"]
[Date "2019.05.26"]
[Round "9.1"]
[White "Landa, Konstantin"]
[Black "Fedorov, Alexei"]
[Result "1-0"]
[ECO "E94"]
[WhiteElo "2622"]
[BlackElo "2566"]
[Annotator "ChessBase"]
[PlyCount "59"]
[EventDate "2019.05.18"]
[EventType "team-tourn"]
[EventCountry "FRA"]
[SourceTitle "playchess.com"]
[Source "ChessBase"]
[SourceQuality "1"]
[TimeControl "40/5400+30:1800+30"]

1. d4 Nf6 2. c4 g6 3. Nc3 Bg7 4. e4 d6 5. Nf3 O-O 6. Be2 e5 7. O-O Nbd7 8. Be3 Qe7 9. Qc2 c6 10. Rfe1 h6 11. h3 exd4 12. Bxd4 b6 13. Bf1 Ne5 14. Nxe5 dxe5 15. Be3 Nh5 16. Rad1 Nf4 17. Qd2 Be6 18. Bxf4 exf4 19. Qxf4 Qb4 20. Rd2 Rad8 21. Red1 Rxd2 22. Rxd2 Bxc3 23. bxc3 Qxc3 24. Rd1 g5 25. Qd6 c5 26. h4 Qf6 27. hxg5 hxg5 28. Qc7 Kg7 29. Qxa7 Rd8 30. e5 1-0

[Event "FRA-chT Top 12 2019"]
[Site "Brest"]
[Date "2019.05.26"]
[Round "9.1"]
[White "Nihal Sarin"]
[Black "Stevic, Hrvoje"]
[Result "1-0"]
[ECO "D27"]
[WhiteElo "2598"]
[BlackElo "2580"]
[Annotator "ChessBase"]
[PlyCount "139"]
[EventDate "2019.05.18"]
[EventType "team-tourn"]
[EventCountry "FRA"]
[SourceTitle "playchess.com"]
[Source "ChessBase"]
[SourceQuality "1"]
[TimeControl "40/5400+30:1800+30"]

1. d4 d5 2. c4 dxc4 3. Nf3 Nf6 4. e3 e6 5. Bxc4 c5 6. O-O a6 7. b3 Nbd7 8. Bb2 Be7 9. Nbd2 O-O 10. Bd3 b6 11. Qe2 Bb7 12. Rfd1 cxd4 13. Bxd4 Bc5 14. Bb2 Qe7 15. a3 a5 16. Bb5 Rfd8 17. Nc4 Ne8 18. Rac1 Rac8 19. h3 Ndf6 20. Rxd8 Rxd8 21. Nfe5 Nd6 22. Nxa5 bxa5 23. Rxc5 Nxb5 24. Qxb5 Ne4 25. Rc2 h6 26. Bd4 Bd5 27. Nc6 Qe8 28. a4 Ra8 29. f3 Nd6 30. Qc5 Rc8 31. Qxd6 Rxc6 32. Rxc6 Qxc6 33. Qg3 e5 34. Qxe5 f6 35. Qb8+ Kh7 36. e4 Bf7 37. Kh2 Qe6 38. Qc7 Qxb3 39. Qxa5 Qa2 40. Qa7 Kg8 41. e5 f5 42. a5 Be6 43. a6 Kh7 44. Qb6 Bd5 45. Kh1 Qe2 46. Qc5 Bxf3 47. gxf3 Qxf3+ 48. Kh2 Qe2+ 49. Bf2 Qxa6 50. Qd5 Qe2 51. Kg2 f4 52. e6 Kg6 53. h4 h5 54. Qg5+ Kh7 55. Qf5+ Kh8 56. Kg1 Qd1+ 57. Kh2 Qf3 58. Qc2 Kg8 59. Qc8+ Kh7 60. Qc2+ Kg8 61. e7 Kf7 62. Qc5 Qe2 63. Qf5+ Kxe7 64. Qxf4 Qd1 65. Kg3 Qb3+ 66. Qe3+ Qe6 67. Kf4 Qxe3+ 68. Bxe3 Kf6 69. Bd4+ Kg6 70. Bc3 1-0

[Event "FRA-chT Top 12 2019"]
[Site "Brest"]
[Date "2019.05.26"]
[Round "9.1"]
[White "Karthikeyan, Murali"]
[Black "Balogh, Csaba"]
[Result "1/2-1/2"]
[ECO "C65"]
[WhiteElo "2596"]
[BlackElo "2598"]
[Annotator "ChessBase"]
[PlyCount "66"]
[EventDate "2019.05.18"]
[EventType "team-tourn"]
[EventCountry "FRA"]
[SourceTitle "playchess.com"]
[Source "ChessBase"]
[SourceQuality "1"]
[TimeControl "40/5400+30:1800+30"]

1. e4 e5 2. Nf3 Nc6 3. Bb5 Nf6 4. d3 Bc5 5. Bxc6 dxc6 6. Nbd2 Be6 7. O-O Bd6 8. b3 Qe7 9. Nc4 Nd7 10. Bg5 f6 11. Bd2 O-O-O 12. Rb1 h5 13. Ne3 g5 14. b4 c5 15. c4 cxb4 16. Qa4 Kb8 17. Nd5 Nb6 18. Qa5 Nxd5 19. exd5 b6 20. Bxb4 Bxb4 21. Rxb4 Ka8 22. Qa3 Bc8 23. Rfb1 Bb7 24. d4 g4 25. c5 gxf3 26. Ra4 Qh7 27. Rxa7+ Kb8 28. Rc1 bxc5 29. dxc5 Rxd5 30. Rxb7+ Kxb7 31. Qb3+ Kc6 32. Qa4+ Kb7 33. Qb3+ Kc6 1/2-1/2